 Dungeon Crawl Stone Soup version 0.30.0-5-g1a98f26d00 (webtiles) character file.

Game seed: 16584243051922379838

186 browni3141 the Grasshopper (level 5, 0/34 (43) HPs)
             Began as an Armataur Warper on May 9, 2023.
             Was an Initiate of Uskayaw.
             Slain by Duvessa
             ... wielding a +2 short sword of draining
              (1 damage)
             ... on level 4 of the Dungeon.
             The game lasted 00:05:33 (2799 turns).

browni3141 the Grasshopper (Armataur Warper)        Turns: 2799, Time: 00:05:33

HP:   0/34 (43)     AC:  5    Str: 18    XL:     5   Next: 38%
MP:   0/8           EV:  9    Int: 13    God:    Uskayaw [......]
Gold: 171           SH:  0    Dex: 10    Spells: 1/8 levels left

rFire   . . .        Q - +1 dagger (drain)
rCold   . . .        (no shield)
rNeg    . . .        b - +0 leather armour
rPois   .            V - +0 hat
rElec   .            Y - +0 cloak
rCorr   .            (no gloves)
SInv    .            (no barding)
Will    .....        F - amulet of magic regeneration
Stlth   ++           (no ring)
HPRegen 0.25/turn    (no ring)
MPRegen 0.51/turn

%: roll
@: heavily drained
A: large, rugged brown scales 3, deformed body, armoured tail, roll, long
tongue, awkward tongue
a: Renounce Religion


You were on level 4 of the Dungeon.
You worshipped Uskayaw.
Uskayaw was noncommittal.
You visited 1 branch of the dungeon, and saw 4 of its levels.

You collected 171 gold pieces.

Inventory:

Hand Weapons
 a - a +0 short sword
 Q - a +1 dagger of draining (weapon)
Missiles
 J - 4 javelins (quivered)
 N - 4 silver boomerangs
 P - 6 poisoned darts
 T - 7 boomerangs of dispersal
 X - 4 boomerangs
Armour
 b - a +0 leather armour (worn)
 V - a +0 hat (worn)
 Y - a +0 cloak (worn)
Jewellery
 F - an amulet of magic regeneration (around neck)
Scrolls
 c - a scroll of blinking
 r - a scroll of identify
 M - a scroll of enchant armour {unknown}
 O - 2 scrolls of immolation {unknown}
 R - 2 scrolls of enchant weapon {unknown}
Potions
 C - 5 potions of curing
 E - a potion of might {unknown}
 G - a potion of haste {unknown}
 H - 2 potions of heal wounds
 I - a potion of ambrosia {unknown}
 K - a potion of mutation {unknown}
 L - a potion of resistance {unknown}
 U - 2 potions of brilliance
 Z - a potion of cancellation {unknown}


   Skills:
 - Level 2.0 Fighting
 * Level 2.7 Short Blades
 - Level 2.0 Throwing
 - Level 1.2 Armour
 - Level 1.3 Dodging
 * Level 3.5 Stealth
 + Level 2.1 Spellcasting
 * Level 3.7 Translocations


You had one spell level left.
You knew the following spells:

 Your Spells              Type           Power      Damage    Failure   Level
l - Lesser Beckoning      Tloc           22%        N/A       10%         2
t - Teleport Other        Tloc           11%        N/A       19%         3
B - Blink                 Tloc           22%        N/A       10%         2

Your spell library contained the following spells:

 Spells                   Type           Power      Damage    Failure   Level
 Magic Dart               Conj           4%         1d3       30%         1
 Vhi's Electric Charge    Tloc/Air       12%        N/A       38%         3
 Call Imp                 Summ           2%         N/A       41%         2
 Manifold Assault         Tloc           11%        N/A       54%         4
 Mephitic Cloud           Conj/Pois/Air  1%         N/A       65%         3
 Olgreb's Toxic Radiance  Pois           1%         N/A       96%         4
 Discord                  Hex            0%         N/A       100%        8
 Ignition                 Fire           0%         3d3       100%        8


Dungeon Overview and Level Annotations

Branches:
Dungeon (4/15)
 Temple: D:4-7

Altars:
Cheibriados
Uskayaw

Annotations:
D:4 Dowan, Duvessa


Innate Abilities, Weirdness & Mutations

You are completely covered in rugged brown scales. (AC +3, +7% HP)
Armour fits poorly on your strangely shaped body.
You have a long armoured tail.
You roll when moving toward enemies. (Rampage)
Your long tongue fully drains potion bottles. (2x potion effects)
Your tongue gives you trouble enunciating. (1.5x scroll delay)


Message History

* * * LOW HITPOINT WARNING * * *
You stomp with the beat, sending a shockwave through the revellers around you!
You kill the iguana!
You can no longer pass through a line of other dancers.
You see here a +0 long sword.
r - a scroll of identify
Things that are here:
a +0 dagger; an iguana corpse You start resting.
HP restored.
You see here a +0 long sword.
There is an open door here.
You open the door.
There is an open door here.
Found an escape hatch in the ceiling.
There is an escape hatch in the ceiling here.
There is an open door here.
Dowan, Brother of Duvessa comes into view.
He is wielding a +0 dagger.
Dowan moves out of view.
Dowan shouts!
You hear a shout!
Dowan is nearby!
Dowan is nearby!
You roll towards Dowan!
Dowan hits you with a +0 dagger. Dowan attacks as you move away!
Dowan barely misses you.
Dowan points at something and mumbles some strange words.
Dowan casts a spell at you. You resist with some effort.
Press: ? - help, v - describe, . - travel
Here: Duvessa, wielding a +2 short sword of draining and wearing a +0 ring mail (fast)
The floor.
Unknown command.
Throw: dart (curare)
Press: ? - help, Q - select action, (/) - cycle Shift-Dir - straight line, f - Duvessa
Aim: Duvessa, wielding a +2 short sword of draining and wearing a +0 ring mail (fast, 65% to hit)
You throw a curare-tipped dart. The curare-tipped dart hits Duvessa.
Duvessa is poisoned.
Duvessa convulses.
Duvessa seems to slow down.
Duvessa is lightly wounded.
You aren't carrying any items that you can evoke.
Unknown command.
Unknown command.
Unknown command.
Throw: 6 javelins
Press: ? - help, Q - select action, (/) - cycle Shift-Dir - straight line, f/p - Duvessa
Aim: Duvessa, wielding a +2 short sword of draining and wearing a +0 ring mail (moderately wounded, fast, very poisoned, slow, 65% to hit)
You throw a javelin. The javelin barely misses Duvessa.
Throw: 5 javelins
Press: ? - help, Q - select action, (/) - cycle Shift-Dir - straight line, f/p - Duvessa
Aim: Duvessa, wielding a +2 short sword of draining and wearing a +0 ring mail (moderately wounded, fast, very poisoned, slow, 65% to hit)
You throw a javelin. The javelin closely misses Duvessa.
Dowan's robes are whipped around by a magical breeze.
Dowan casts a spell at you. You resist with some effort.
You roll towards Duvessa!
You hit Duvessa but do no damage. You drain Duvessa. You tail-slap Duvessa!
Duvessa is heavily wounded.
Duvessa drinks a potion.
Duvessa is healed!
Duvessa looks more healthy.
C - 5 potions of curing Dowan casts a spell at you.
The puff of frost hits you!
You can now pass through a line of other dancers.
You hit Duvessa. You drain Duvessa.
Duvessa is heavily wounded.
Duvessa hits you with a +2 short sword of draining.
You feel drained.
You hit Duvessa but do no damage.
Duvessa is heavily wounded.
Cast which spell? (? or * to list)
You blink.
Casting: Blink (safe; 10% risk of failure)
Confirm with . or Enter, or press ? or * to list all spells.
You are still too unstable to blink.
Duvessa hits you with a +2 short sword of draining.
You feel drained. Duvessa attacks as you move away!
Duvessa hits you with a +2 short sword of draining.
You feel drained.
You stomp with the beat, sending a shockwave through the revellers around you!
Duvessa is severely wounded.
You can no longer pass through a line of other dancers.
Duvessa barely misses you.
You stomp with the beat, sending a shockwave through the revellers around you!
Duvessa is severely wounded.
You can no longer stomp with the beat.
You feel stable enough to blink again.
Duvessa hits you with a +2 short sword of draining.
You feel drained.
You can now stomp with the beat.
You stomp with the beat, sending a shockwave through the revellers around you!
Duvessa is almost dead.
You can no longer stomp with the beat.
Duvessa hits you with a +2 short sword of draining.
You feel drained. Dowan attacks as you move away!
Dowan hits you with a +0 dagger.
* * * LOW HITPOINT WARNING * * *
Duvessa attacks as you move away!
Duvessa hits you with a +2 short sword of draining.
* * * LOW HITPOINT WARNING * * *
You feel drained.
You die...

#.###.....##
#.#)## . ##...##
#...)#
##.#########.#
##......# #.#
###(####.# #.#
##(#(####.###.#
#....##.......#
##...e##.#.#####
#.###....e@....#
.....#...###.###
.##.........#
####..##### #..#
....# ###.## #.#
#.#


You could see Duvessa (fast, slow, very drained) and Dowan.

Vanquished Creatures
  An iguana (D:4)
  4 gnolls
  3 adders
  3 worms
  3 dart slugs (D:1)
  An orc (D:3)
  8 endoplasms
  2 giant cockroaches
  9 goblins
  3 hobgoblins (D:2)
  4 quokkas
  8 ball pythons
  A bat (D:1)
  12 frilled lizards
  10 kobolds
  13 rats
85 creatures vanquished.

Notes
Turn   | Place    | Note
-------+----------+-------------------------------------------
     0 | D:1      | browni3141 the Armataur Warper began the quest for the Orb.
     0 | D:1      | Reached XP level 1. HP: 18/18 MP: 3/3
   144 | D:1      | Reached XP level 2. HP: 25/25 MP: 4/4
   300 | D:1      | Learned a level 2 spell: Blink
   303 | D:1      | Learned a level 2 spell: Lesser Beckoning
   579 | D:1      | Reached XP level 3. HP: 31/31 MP: 5/5
  1338 | D:2      | Reached XP level 4. HP: 35/38 MP: 5/7
  1344 | D:2      | Reached skill level 3 in Stealth
  1784 | D:3      | Found a hide-covered altar of Uskayaw.
  1827 | D:3      | Learned a level 3 spell: Teleport Other
  2082 | D:3      | Became a worshipper of Uskayaw the Reveller
  2098 | D:3      | Found a snail-covered altar of Cheibriados.
  2158 | D:3      | Reached * piety under Uskayaw
  2215 | D:3      | Found a faded altar of an unknown god.
  2230 | D:3      | Reached XP level 5. HP: 43/43 MP: 8/8
  2532 | D:4      | Noticed Duvessa
  2574 | D:4      | Reached ** piety under Uskayaw
  2765 | D:4      | Noticed Dowan
  2799 | D:4      | HP: 1/35 [Duvessa/+2 short sword of draining (5)]
  2799 | D:4      | Slain by Duvessa

Illustrated notes

Levels and vault maps discovered:
D:1:      mrwooster_arrival_statue, layout_loops_cross, minmay_lizard_pond
D:2:      layout_rooms, minivault_27, st_stairs_2,
          chequers_serial_rivers_room_a, grunt_ministairs_7,
          minmay_close_crescents
D:3:      layout_basic, mainiacjoe_overflow_catwalk, cheibriados_altar_1,
          hellmonk_ecumenical_altar_heavens_door, minmay_quadrilaterals
D:4:      layout_loops_corners, nzn_wu_jian_council_hall, uniq_duvessa

Skill      XL: |  1  2  3  4  5 |
---------------+----------------+-----
Stealth        | 1 2 3 |  3.5
Fighting       | 2 |  2.0
Throwing       | 1 2 |  2.0
Short Blades   | 2 |  2.7
Spellcasting   | 2 |  2.1
Armour         | |  1.2
Dodging        | |  1.3
Translocations | |  3.7

Action                     |  1- 3 |  4- 6 || total
---------------------------+-------+-------++-------
  Melee: Short sword       |   123 |       ||   123
         Tailslap          |    18 |     8 ||    26
         Dagger            |    55 |    91 ||   146
         Punch             |     1 |     1 ||     2
  Throw: Dart              |     1 |     1 ||     2
         Javelin           |       |     2 ||     2
   Cast: Blink             |       |     1 ||     1
 Invoke: Stomp             |       |     4 ||     4
    Use: Scroll            |       |     2 ||     2
   Stab: Sleeping          |     4 |     6 ||    10
 Armour: Leather armour    |    41 |    20 ||    61
  Dodge: Dodged            |    69 |    32 ||   101
